 Dungeon Crawl Stone Soup version 0.20-a0-1020-g7b9e4fe (webtiles) character file.

132743 Firecrotchwizard the Whirler (level 17, -11/121 HPs)
             Began as a Halfling Hunter on Apr 14, 2017.
             Was the Champion of Okawaru.
             Killed from afar by Mara (illusionary) (17 damage)
             ... with a bolt of fire
             ... on level 4 of the Swamp on Apr 18, 2017.
             The game lasted 01:53:20 (29573 turns).

Firecrotchwizard the Whirler (Halfling Hunter)     Turns: 29573, Time: 01:53:20

Health: -11/121    AC: 16    Str: 13    XL:     17   Next: 70%
Magic:  26/26      EV: 24    Int: 15    God:    Okawaru [******]
Gold:   1652       SH: 15    Dex: 21    Spells: 16/16 levels left

rFire    + + .     SeeInvis .   O - +8 whip "Snakebite" {curare, rPois}
rCold    + . .     Gourm    .   I - +2 shield {reflect}
rNeg     + . .     Faith    .   t - +1 ring mail {rF+}
rPois    +         Spirit   .   z - +2 helmet
rElec    .         Reflect  +   l - scarf {rC+ rF+}
rCorr    .         Harm     .   D - +1 pair of gloves
MR       +....                  i - +2 pair of boots "Dantute" {*Drain +Blink Int+3 Dex+2}
Stlth    +.........             c - amulet of regeneration {+regen, !d}
Regen    0.7/turn               C - ring of positive energy {rN+}
MPRegen  0.2/turn               e - ring of poison resistance {rPois, !d}

@: no status effects
A: mutation resistance 1
a: Heroism, Finesse, Renounce Religion, Evoke Blink


You were on level 4 of the Swamp.
You worshipped Okawaru.
Okawaru was exalted by your worship.
You were not hungry.

You visited 4 branches of the dungeon, and saw 26 of its levels.

You collected 1888 gold pieces.
You spent 236 gold pieces at shops.

Inventory:

Hand Weapons
 a - the +6 hunting sling "Eceenuarch" {velocity, MR+}
   (Okawaru gifted it to you on level 13 of the Dungeon)

   Any stone fired from it inflicts extra damage.
   It affects your resistance to hostile enchantments.
 n - a +2 fustibalus of flaming
   (Okawaru gifted it to you on level 6 of the Lair of Beasts)
 w - a +8 hunting sling of electrocution
 E - the +6 hunting sling "Tywio" {freeze, rElec}
   (Okawaru gifted it to you on level 2 of the Swamp)

   It causes projectiles fired from it to freeze those they strike, causing
   extra injury to most foes and up to half again as much damage against
   particularly susceptible opponents.
   They can also slow down cold-blooded creatures.
   It insulates you from electricity.
 O - the +8 whip "Snakebite" (weapon) {curare, rPois}
   (You found it on level 2 of the Lair of Beasts)

   It poisons the flesh of those it strikes.
   It protects you from poison.
Missiles
 x - 43 stones (quivered)
 B - 2 throwing nets {=f, !d}
Armour
 i - the +2 pair of boots "Dantute" (worn) {*Drain +Blink Int+3 Dex+2}
   (Okawaru gifted it to you on level 5 of the Lair of Beasts)

   It affects your intelligence (+3).
   It affects your dexterity (+2).
   It lets you blink.
   It causes draining when unequipped.
 l - a scarf of resistance (worn)
   (Okawaru gifted it to you on level 4 of the Swamp)
 t - a +1 ring mail of fire resistance (worn)
   (You took it off an orc on level 3 of the Dungeon)
 z - a +2 helmet (worn)
   (You found it on level 4 of the Dungeon)
 D - a +1 pair of gloves (worn)
   (You found it on level 6 of the Dungeon)
 I - a +2 shield of reflection (worn)
   (Okawaru gifted it to you on level 12 of the Dungeon)
Jewellery
 c - an amulet of regeneration (around neck) {+regen, !d}
   (You found it on level 12 of the Dungeon)
 e - a ring of poison resistance (right hand) {rPois, !d}
   (You found it on level 5 of the Dungeon)
 r - an uncursed ring of protection from fire {rF+, !d}
   (You found it on level 4 of the Dungeon)
 C - a ring of positive energy (left hand) {rN+}
   (You took it off a centaur on level 14 of the Dungeon)
 T - an uncursed ring of ice {rC+, rF-}
   (You took it off Fannar on level 10 of the Dungeon)
Wands
 g - a wand of acid (8/15)
   (You found it on level 5 of the Lair of Beasts)
 y - a wand of iceblast (12/15)
   (You found it on level 6 of the Dungeon)
 Q - a wand of polymorph (15/24)
   (You took it off Crazy Yiuf on level 7 of the Dungeon)
 X - a wand of scattershot (5/9)
   (You found it on level 3 of the Lair of Beasts)
Scrolls
 b - 2 scrolls of fog
 q - 7 scrolls of teleportation
 A - a scroll of recharging
 L - 2 scrolls of blinking {!r}
 N - 3 scrolls of magic mapping {!r}
 R - 2 scrolls of fear
 S - a scroll of identify
 W - 8 scrolls of amnesia
 Y - 5 scrolls of remove curse
Potions
 h - 2 potions of flight
 j - a potion of might
 k - 5 potions of agility
 m - 7 potions of mutation {!q}
 p - 2 potions of invisibility
 s - 7 potions of curing
 u - 2 potions of cancellation
 G - 6 potions of ambrosia
 H - 5 potions of brilliance
 K - 5 potions of haste
 M - 3 potions of heal wounds
 U - a potion of resistance
 V - 4 potions of magic
Miscellaneous
 o - 2 phantom mirrors
 Z - a fan of gales
   (You found it on level 11 of the Dungeon)
Comestibles
 d - a chunk of flesh {@w0}
 f - 18 bread rations {@e1}
 v - 12 meat rations {@e2}


   Skills:
 + Level 12.8 Fighting
 + Level 20.0 Slings
 - Level 5.5 Armour
 + Level 14.6 Dodging
 - Level 1.1 Stealth
 + Level 10.7 Shields
 - Level 8.5 Invocations
 + Level 12.6 Evocations


You had 16 spell levels left.
You didn't know any spells.

Dungeon Overview and Level Annotations

Branches:
Dungeon (15/15)            Temple (1/1) D:4            Lair (6/6) D:10
  Swamp (4/4) Lair:2        Snake (0/4) Lair:4        Slime (0/5) Lair:5
    Orc (0/2) D:9          Vaults (0/5) D:13         Depths (0/5) D:15

Altars:
Ashenzari
Cheibriados
Dithmenos
Fedhas
Gozag
Kikubaaqudgha
Makhleb
Okawaru
Qazlal
Ru
Trog
Uskayaw
Vehumet
Xom
Yredelemnul
Zin
The Shining One

Shops:
D:7 *   D:10 *   D:13 [   D:14 (   D:15 :

Portals:
Trove: D:10 (give +6 ice dragon scales)

Annotations:
Lair:3 exclusion: oklob plant
Swamp:4 Mara


Innate Abilities, Weirdness & Mutations

You are small and have problems with some larger weapons.
You are somewhat resistant to further mutation.


Message History

Firecrotchwizard's illusion barely misses you.
You whack Firecrotchwizard's illusion!
Firecrotchwizard's illusion looks as sick as possible!
Mara blinks!
Firecrotchwizard's illusion hits you but does no damage.
Mara screams, "Tenfold be your damnation!"
Mara gestures at you. The bolt of fire misses you.
You closely miss Firecrotchwizard's illusion.
Firecrotchwizard's illusion hits you but does no damage.
Firecrotchwizard's illusion misses you.
You barely miss Firecrotchwizard's illusion.
You block Firecrotchwizard's illusion's attack.
You barely miss Firecrotchwizard's illusion.
Firecrotchwizard's illusion hits you.
You take 4 damage, and have 117/121 hp.
You closely miss Firecrotchwizard's illusion.
Mara hits you with a demon blade of flaming!
Mara burns you.
Mara points ostentatiously.
You block Firecrotchwizard's illusion's attack.
Mara hits you with a demon blade of flaming.
You take 14 damage, and have 103/121 hp.
You hit Firecrotchwizard's illusion.
Mara says, "Bound art thou by all the snares!"
Firecrotchwizard's illusion barely misses you.
You block Mara's attack.
You closely miss Firecrotchwizard's illusion.
Mara blinks!
You block Firecrotchwizard's illusion's attack.
Mara misses you.
You completely miss Firecrotchwizard's illusion.
Mara gestures at you. The bolt of fire hits you! You resist.
The bolt of fire hits Mara.
Mara completely resists.
You block Firecrotchwizard's illusion's attack.
Mara gestures at you. The bolt of fire hits you! You resist.
The bolt of fire misses Mara.
You take 23 damage, and have 82/121 hp.
Your shield and ring mail prevent you from hitting Firecrotchwizard's illusion.
Firecrotchwizard's illusion closely misses you.
Mara hits you with a demon blade of flaming!
Mara burns you.
Mara growls.
Mara gestures at you.
You struggle to resist.
Firecrotchwizard's illusion hits you.
You take 20 damage, and have 62/121 hp.
You hit Firecrotchwizard's illusion but do no damage.
Firecrotchwizard's illusion looks as sick as possible!
Mara blinks! x2
Firecrotchwizard's illusion hits you but does no damage.
You hit Firecrotchwizard's illusion but do no damage.
Mara growls.
Mara misses you.
You block Firecrotchwizard's illusion's attack.
You hit Mara but do no damage.
Mara is poisoned.
You block Mara's attack.
Firecrotchwizard's illusion hits you but does no damage.
You closely miss Mara.
Mara blinks!
You block Firecrotchwizard's illusion's attack.
Mara gestures at you.
You struggle to resist.
You closely miss Mara.
Mara weaves an illusion.
Firecrotchwizard's illusion closely misses you.
Mara hits you with a demon blade of flaming!!
Mara burns you.
You take 23 damage, and have 42/121 hp.
You hit Mara.
Firecrotchwizard's illusion hits you but does no damage.
Mara hits you with a demon blade of flaming.
You take 4 damage, and have 38/121 hp.
You hit Mara.
You block Firecrotchwizard's illusion's attack.
Mara gestures at you. The bolt of fire hits you! You resist.
* * * LOW HITPOINT WARNING * * *
The tree smoulders and burns.
You block Mara's attack. Firecrotchwizard's illusion hits you!
* * * LOW HITPOINT WARNING * * *
x2 You take 29 damage, and have 9/121 hp.
MASSIVE DAMAGE!!
You hit Mara but do no damage.
Mara looks even sicker.
Mara closely misses you.
Firecrotchwizard's illusion hits you but does no damage.
You barely miss Mara.
Mara hits you with a demon blade of flaming.
* * * LOW HITPOINT WARNING * * *
Mara burns you.
* * * LOW HITPOINT WARNING * * *
You block Firecrotchwizard's illusion's attack.
You take 6 damage, and have 4/121 hp.
You hit Mara but do no damage. Mara hits you but does no damage.
Firecrotchwizard's illusion hits you but does no damage.
You hit Mara. Mara completely misses you.
Firecrotchwizard's illusion hits you but does no damage.
Mara blinks! x2
You hit Mara but do no damage. You block Mara's attack.
Firecrotchwizard's illusion hits you but does no damage.
Mara gestures at you. The bolt of fire hits you! You resist.
You die...

.≈≈≈.≈♣♣ ♣♣♣♣≈≈≈≈≈≈≈≈
♣..≈≈..♣ ♣♣.≈≈≈≈≈≈§(≈≈
≈.≈≈...♣♣♣♣♣≈.≈≈≈≈..(.≈≈
≈≈≈≈≈.♣♣..♣♣.≈≈≈≈.≈≈(≈≈≈
≈≈≈.≈..♣≈≈..≈≈≈≈§(≈....≈
≈≈≈≈...≈♣♣..≈≈≈≈≈≈≈≈...≈
≈≈.♣♣..♣♣♣..≈≈≈≈≈(§≈≈..≈
.≈≈....≈♣§.R§§≈≈@≈≈≈≈.♣♣
.....≈≈≈.≈≈≈≈...@RR..§(≈
.≈≈♣≈..≈≈≈≈≈≈.≈.≈♣♣♣≈...
...♣♣♣..≈≈≈≈.♣§♣♣♣ ≈
≈≈≈♣ ♣♣≈..≈.♣♣♣ ≈≈≈♣♣
♣♣♣♣♣≈♣ ≈≈≈≈♣♣ ♣♣♣
≈≈≈≈≈♣♣♣♣♣♣
..≈≈§≈≈.<.♣♣♣
.≈.≈.♣♣.≈≈♣≈♣♣


You could see 3 Maras and Firecrotchwizard's illusion.

Vanquished Creatures
  Frances (Swamp:1)
  A thorn hunter (Swamp:3)
  Kirke (Swamp:1)
  Donald (Swamp:2)
  2 green draconians (Swamp:2)
  4 dire elephants (Lair:6)
  The ghost of CowPatty the Covert, a journeyman DsMo of Wu Jian (Lair:2)
  An ogre mage (D:13)
  Harold (D:11)
  The ghost of w00t the Basher, a journeyman DsGl of Makhleb (D:10)
  Fannar (D:10)
  A ghost crab (Swamp:1)
  3 catoblepae
  4 centaur warriors
  20 hydras
  An anaconda (Lair:6)
  9 two-headed ogres
  13 alligators
  6 death yaks
  A deep elf knight (D:13)
  4 skeletal warriors (D:13)
  An unseen horror (D:12)
  2 spriggan druids
  A wizard (D:15)
  7 swamp dragons
  A shambling mangrove (Swamp:2)
  A necromancer (D:15)
  2 oklob plants (Lair:5)
  5 cyclopes
  2 manticores (D:14)
  9 ugly things
  5 deep elf magi
  3 black mambas
  13 elephants
  2 gargoyles
  2 torpor snails
  A naga mage (D:15)
  11 spiny frogs
  2 rime drakes
  7 komodo dragons
  2 trolls
  2 polar bears (Lair:6)
  10 tyrant leeches
  A polar bear (shapeshifter) (D:13)
  4 hornets
  5 bog bodies
  A wolf spider simulacrum (D:15)
  A harpy skeleton (D:15)
  21 slime creatures
  7 dream sheep (Lair:4)
  19 blink frogs
  16 hippogriffs
  A hippogriff (shapeshifter) (D:14)
  4 spriggans
  4 shadows
  2 wraiths
  7 wyverns
  A vampire (D:10)
  2 water elementals (D:14)
  32 yaks
  3 basilisks
  A hog (Swamp:1)
  2 humans (shapeshifter)
  A hungry ghost (D:15)
  11 vampire mosquitoes
  2 wargs (D:9)
  2 nagas (Lair:4)
  A soldier ant (D:15)
  19 swamp worms
  An acid dragon (D:12)
  A hell hound (Lair:6)
  30 insubstantial wisps
  6 porcupines
  12 water moccasins
  2 hornet zombies
  11 swamp drakes
  3 ice beasts
  7 sky beasts
  A black bear (D:7)
  6 orc warriors
  2 eyes of draining
  7 ogres
  A boggart (D:13)
  9 wolves (Lair:3)
  A phantom (D:8)
  6 centaurs
  9 crocodiles
  4 big kobolds
  12 bullfrogs
  3 scorpions
  54 killer bees
  15 wights
  2 electric eels (D:14)
  A howler monkey (D:14)
  9 crimson imps
  3 bullfrog zombies
  4 centaur zombies
  2 quasits
  3 bullfrog skeletons
  6 hounds
  4 jellies
  6 orc priests
  Crazy Yiuf (D:7)
  7 orc wizards
  9 centaur skeletons
  2 iguanas
  6 worker ants
  A howler monkey zombie (D:5)
  A worker ant zombie (D:5)
  A howler monkey skeleton (D:5)
  18 adders
  2 shadow imps
  2 oozes (D:2)
  An adder zombie (D:9)
  3 dart slugs
  5 worms
  5 leopard geckos
  62 orcs
  9 bats
  3 giant cockroaches
  4 goblins
  4 hobgoblins
  4 jackals (D:1)
  6 quokkas
  A ball python (D:2)
  3 frilled lizards
  5 kobolds
  9 rats
  2 fungi (Lair:6)
  6 plants
763 creatures vanquished.

Vanquished Creatures (collateral kills)
  A blink frog (Lair:3)
1 creature vanquished.

Vanquished Creatures (others)
  A yak (Lair:1)
  2 humans (Swamp:1)
  A centaur (D:14)
  An orc wizard (D:4)
  An orc (D:12)
  4 fungi
  32 plants
42 creatures vanquished.

Grand Total: 806 creatures vanquished

Notes
Turn   | Place    | Note
-------+----------+-------------------------------------------
     0 | D:1      | Firecrotchwizard the Halfling Hunter began the quest for the Orb.
     0 | D:1      | Reached XP level 1. HP: 14/14 MP: 1/1
    23 | D:1      | Reached skill level 6 in Slings
    88 | D:1      | Reached XP level 2. HP: 19/19 MP: 2/2
   310 | D:1      | Reached skill level 2 in Fighting
   343 | D:1      | Reached XP level 3. HP: 21/24 MP: 3/3
   701 | D:2      | Reached skill level 1 in Armour
   965 | D:2      | Reached XP level 4. HP: 29/29 MP: 4/4
  1660 | D:3      | Reached skill level 7 in Slings
  1664 | D:3      | Reached skill level 3 in Dodging
  1805 | D:3      | Reached XP level 5. HP: 31/34 MP: 5/5
  1901 | D:3      | Reached skill level 2 in Armour
  2249 | D:4      | Reached XP level 6. HP: 12/41 MP: 6/6
  2460 | D:4      | Reached skill level 8 in Slings
  2553 | D:4      | Found a staircase to the Ecumenical Temple.
  2561 | Temple   | Entered the Ecumenical Temple
  2591 | Temple   | Became a worshipper of Warmaster Okawaru
  2750 | D:4      | HP: 2/41 [orc priest/nerve-wracking pain (11)]
  2761 | D:4      | Reached skill level 3 in Fighting
  2761 | D:4      | Reached skill level 3 in Armour
  3126 | D:4      | Noticed an ogre
  3134 | D:4      | Killed an ogre
  3134 | D:4      | Reached XP level 7. HP: 29/46 MP: 7/7
  3355 | D:4      | Reached skill level 4 in Dodging
  3521 | D:5      | Entered Level 5 of the Dungeon
  3741 | D:5      | Found a shimmering altar of Xom.
  3778 | D:5      | Found a sacrificial altar of Ru.
  3794 | D:5      | Reached skill level 9 in Slings
  3917 | D:5      | Reached * piety under Okawaru
  4279 | D:5      | Reached skill level 4 in Armour
  4367 | D:5      | Reached XP level 8. HP: 35/54 MP: 5/8
  4820 | D:6      | Found a stormy altar of Qazlal.
  4950 | D:6      | Reached skill level 10 in Slings
  4968 | D:6      | Reached skill level 4 in Fighting
  5302 | D:6      | Reached skill level 5 in Dodging
  5482 | D:6      | Found a radiant altar of Vehumet.
  5825 | D:7      | Reached ** piety under Okawaru
  5930 | D:7      | Reached skill level 5 in Armour
  5930 | D:7      | Reached XP level 9. HP: 59/59 MP: 9/9
  5932 | D:7      | Found Ceyrhos's Assorted Antiques.
  5947 | D:7      | Bought a scroll labeled EGIDIY AN PEA for 33 gold pieces
  5960 | D:7      | Reached skill level 11 in Slings
  6151 | D:7      | Found a shattered altar of Ashenzari.
  6498 | D:7      | Reached skill level 5 in Fighting
  6611 | D:7      | Found a runed door.
  6781 | D:7      | Noticed Crazy Yiuf
  6783 | D:7      | Killed Crazy Yiuf
  6874 | D:8      | Reached skill level 6 in Dodging
  6958 | D:8      | Reached skill level 1 in Evocations
  6970 | D:8      | Reached *** piety under Okawaru
  6990 | D:8      | Reached skill level 12 in Slings
  7060 | D:8      | Noticed a two-headed ogre
  7060 | D:8      | Noticed a hippogriff
  7067 | D:8      | Killed a hippogriff
  7074 | D:8      | Killed a two-headed ogre
  7074 | D:8      | Reached **** piety under Okawaru
  7074 | D:8      | Reached skill level 2 in Evocations
  7074 | D:8      | Reached XP level 10. HP: 68/68 MP: 8/12
  7160 | D:8      | Reached skill level 13 in Slings
  7207 | D:8      | Reached skill level 3 in Evocations
  7708 | D:9      | Noticed a two-headed ogre
  7716 | D:9      | Killed a two-headed ogre
  7716 | D:9      | Received a gift from Okawaru
  7716 | D:9      | Reached skill level 6 in Fighting
  7716 | D:9      | Reached skill level 7 in Dodging
  7983 | D:9      | Found a staircase to the Orcish Mines.
  8025 | D:9      | Reached skill level 14 in Slings
  8025 | D:9      | Reached skill level 4 in Evocations
  8388 | D:9      | Noticed a cyclops
  8390 | D:9      | Killed a cyclops
  8390 | D:9      | Reached ***** piety under Okawaru
  8751 | D:9      | Reached XP level 11. HP: 74/74 MP: 14/14
  8818 | D:10     | Entered Level 10 of the Dungeon
  8818 | D:10     | Found Sicex's Assorted Antiques.
  8838 | D:10     | Bought a scroll labeled NUGADI YNONK for 29 gold pieces
  8838 | D:10     | Bought a scroll labeled HISUON AKLUIDD for 29 gold pieces
  8838 | D:10     | Bought a scroll labeled QUCOBU RYXKUHO for 29 gold pieces
  8838 | D:10     | Bought a scroll labeled NUGADI YNONK for 29 gold pieces
  8838 | D:10     | Bought a scroll of remove curse for 87 gold pieces
  9182 | D:10     | Noticed a two-headed ogre
  9191 | D:10     | Killed a two-headed ogre
  9191 | D:10     | Received a gift from Okawaru
  9191 | D:10     | Reached skill level 8 in Dodging
  9191 | D:10     | Reached skill level 5 in Evocations
  9214 | D:10     | Noticed Fannar
  9230 | D:10     | Killed Fannar
  9230 | D:10     | Reached skill level 7 in Fighting
  9230 | D:10     | Reached skill level 15 in Slings
  9592 | D:10     | Noticed a two-headed ogre
  9600 | D:10     | Killed a two-headed ogre
  9644 | D:10     | Noticed w00t's ghost (journeyman DsGl)
  9655 | D:10     | Received a gift from Okawaru
  9683 | D:10     | Killed w00t's ghost
  9937 | D:10     | Found a staircase to the Lair.
 10188 | D:10     | Found a portal to a secret trove of treasure.
 10489 | Lair:1   | Entered Level 1 of the Lair of Beasts
 10551 | D:11     | Noticed Harold
 10715 | Lair:1   | Reached skill level 6 in Evocations
 10764 | D:10     | HP: 18/75 [poisoned by a killer bee]
 11066 | Lair:1   | Reached skill level 9 in Dodging
 11080 | Lair:1   | Reached skill level 16 in Slings
 11081 | Lair:1   | Received a gift from Okawaru
 11180 | Lair:1   | Noticed a catoblepas
 11253 | Lair:1   | Received a gift from Okawaru
 11253 | Lair:1   | Reached XP level 12. HP: 38/82 MP: 16/16
 11862 | Lair:1   | Reached skill level 8 in Fighting
 11875 | Lair:1   | Reached skill level 1 in Invocations
 11879 | Lair:1   | Received a gift from Okawaru
 11881 | Lair:1   | Reached skill level 2 in Invocations
 12177 | Lair:1   | Reached ****** piety under Okawaru
 12190 | Lair:1   | Received a gift from Okawaru
 12190 | Lair:1   | Reached skill level 3 in Invocations
 12567 | Lair:1   | Killed a catoblepas
 12567 | Lair:1   | Received a gift from Okawaru
 12567 | Lair:1   | Reached skill level 10 in Dodging
 12567 | Lair:1   | Reached skill level 4 in Invocations
 12567 | Lair:1   | Reached skill level 7 in Evocations
 13216 | Lair:2   | Reached skill level 5 in Invocations
 13256 | Lair:2   | Noticed a six-headed hydra
 13262 | Lair:2   | Killed a six-headed hydra
 13335 | Lair:2   | Found a staircase to the Swamp.
 13607 | Lair:2   | Noticed CowPatty's ghost (journeyman DsMo)
 13644 | Lair:2   | Killed CowPatty's ghost
 13644 | Lair:2   | Received a gift from Okawaru
 13644 | Lair:2   | Reached skill level 6 in Invocations
 13644 | Lair:2   | Reached XP level 13. HP: 85/90 MP: 12/18
 14332 | Lair:3   | Noticed a seven-headed hydra
 14332 | Lair:3   | Noticed an eight-headed hydra
 14339 | Lair:3   | Killed an eight-headed hydra
 14339 | Lair:3   | Reached skill level 9 in Fighting
 14344 | Lair:3   | Killed a seven-headed hydra
 14344 | Lair:3   | Reached skill level 7 in Invocations
 14344 | Lair:3   | Reached skill level 8 in Evocations
 14808 | Lair:3   | Reached skill level 11 in Dodging
 14922 | Lair:3   | Noticed a six-headed hydra
 14929 | Lair:3   | Killed a six-headed hydra
 14929 | Lair:3   | Reached skill level 8 in Invocations
 15128 | Lair:3   | Found a blossoming altar of Fedhas.
 15592 | Lair:4   | Reached skill level 1 in Shields
 15779 | Lair:4   | Found a staircase to the Snake Pit.
 15824 | Lair:4   | Reached skill level 2 in Shields
 16600 | Lair:5   | Noticed a catoblepas
 16610 | Lair:5   | Killed a catoblepas
 16610 | Lair:5   | Received a gift from Okawaru
 16610 | Lair:5   | Reached XP level 14. HP: 98/98 MP: 12/20
 16611 | Lair:5   | Got a pair of distressingly furry boots {god gift}
 16617 | Lair:5   | Identified the +2 pair of boots "Dantute" {*Drain +Blink Int+3 Dex+2} (Okawaru gifted it to you on level 5 of the Lair of Beasts)
 16705 | Lair:5   | Reached skill level 3 in Shields
 16706 | Lair:5   | Found a staircase to the Slime Pits.
 17050 | Lair:5   | Reached skill level 9 in Evocations
 17152 | Lair:6   | Entered Level 6 of the Lair of Beasts
 17361 | Lair:6   | Reached skill level 10 in Fighting
 17361 | Lair:6   | Reached skill level 17 in Slings
 17376 | Lair:6   | Reached skill level 4 in Shields
 17640 | Lair:6   | Reached skill level 5 in Shields
 17948 | Lair:5   | Reached skill level 12 in Dodging
 19061 | Lair:6   | Received a gift from Okawaru
 19359 | Lair:6   | Noticed a dire elephant
 19359 | Lair:6   | Noticed a dire elephant
 19371 | Lair:6   | Killed a dire elephant
 19384 | Lair:6   | Killed a dire elephant
 19384 | Lair:6   | Received a gift from Okawaru
 19384 | Lair:6   | Reached skill level 6 in Shields
 19423 | Lair:6   | Noticed a dire elephant
 19440 | Lair:6   | Killed a dire elephant
 19440 | Lair:6   | Reached XP level 15. HP: 84/105 MP: 22/22
 19669 | D:10     | Reached skill level 10 in Evocations
 20671 | D:12     | Reached skill level 18 in Slings
 20829 | D:12     | Received a gift from Okawaru
 20832 | D:12     | Reached skill level 11 in Fighting
 21265 | D:13     | Found an opulent altar of Gozag.
 21514 | D:13     | Reached skill level 7 in Shields
 21817 | D:13     | Found Paiga's Antique Armour Boutique.
 22051 | D:13     | Reached skill level 13 in Dodging
 22152 | D:13     | Received a gift from Okawaru
 22154 | D:13     | Got a slimy hunting sling {god gift}
 22155 | D:13     | Identified the +6 hunting sling "Eceenuarch" {velocity, MR+} (Okawaru gifted it to you on level 13 of the Dungeon)
 22261 | D:13     | Found a gate to the Vaults.
 22767 | D:14     | Reached skill level 8 in Shields
 22783 | D:14     | Reached XP level 16. HP: 108/113 MP: 24/24
 22969 | D:14     | Reached skill level 11 in Evocations
 23011 | D:14     | Received a gift from Okawaru
 23013 | D:14     | Got a pair of warped boots {god gift}
 23221 | D:14     | Found Noent's Weapon Emporium.
 23255 | D:14     | Upgraded the game from 0.20-a0-1009-gc986637 to 0.20-a0-1018-ge435b50
 23255 | D:14     | Upgraded the game from 0.20-a0-1018-ge435b50 to 0.20-a0-1020-g7b9e4fe
 23753 | D:15     | Entered Level 15 of the Dungeon
 23905 | D:15     | Found Kumourr's Book Emporium.
 24238 | D:15     | Reached skill level 19 in Slings
 24481 | D:15     | Found a staircase to the Depths.
 24637 | D:11     | Killed Harold
 24752 | Swamp:1  | Entered Level 1 of the Swamp
 24786 | Swamp:1  | Noticed Kirke
 24801 | Swamp:1  | Killed Kirke
 24883 | Swamp:1  | Reached skill level 12 in Fighting
 24883 | Swamp:1  | Reached skill level 9 in Shields
 25102 | Swamp:1  | Reached skill level 14 in Dodging
 25134 | Swamp:1  | Received a gift from Okawaru
 25263 | Swamp:1  | Found a snail-covered altar of Cheibriados.
 26066 | Swamp:1  | Noticed Frances
 26093 | Swamp:1  | Killed Frances
 26428 | Swamp:1  | Reached XP level 17. HP: 91/120 MP: 25/25
 26694 | Swamp:2  | Found a basalt altar of Yredelemnul.
 26711 | Swamp:2  | Received a gift from Okawaru
 26718 | Swamp:2  | Got a smoking hunting sling {god gift}
 26719 | Swamp:2  | Identified the +6 hunting sling "Tywio" {freeze, rElec} (Okawaru gifted it to you on level 2 of the Swamp)
 26820 | Swamp:2  | Reached skill level 12 in Evocations
 26828 | Swamp:2  | Reached skill level 10 in Shields
 26998 | Swamp:2  | Got a translucent war axe
 26999 | Swamp:2  | Identified the +7 war axe of Sosib {chop, +Rage} (You found it on level 2 of the Swamp)
 27136 | Swamp:2  | Noticed Donald
 27163 | Swamp:2  | Killed Donald
 28040 | Swamp:3  | Received a gift from Okawaru
 28515 | Swamp:3  | Identified the +2 pair of boots of Qages {*Corrode Int+4} (Okawaru gifted it to you on level 14 of the Dungeon)
 28825 | Swamp:3  | Noticed a thorn hunter
 28841 | Swamp:3  | Killed a thorn hunter
 29027 | Swamp:4  | Entered Level 4 of the Swamp
 29150 | Swamp:4  | Received a gift from Okawaru
 29220 | Swamp:4  | Reached skill level 20 in Slings
 29533 | Swamp:4  | Noticed Mara
 29537 | Swamp:4  | Noticed Firecrotchwizard's illusion
 29568 | Swamp:4  | HP: 19/121 [something/bolt of fire (20)]
 29568 | Swamp:4  | HP: 9/121 [Firecrotchwizard's illusion[Mara] (3)]
 29570 | Swamp:4  | HP: 4/121 [Mara (illusionary)/demon blade of flaming (1)]
 29573 | Swamp:4  | Killed from afar by Mara (illusionary)

Vault maps used:
D:1:      minmay_arrival_four_houses
D:3:      first_bread
D:4:      minmay_temple_entry_nine_rooms, minmay_misc_feat_chi,
          grunt_decor_mini_mirrors
D:5:      marbit_many_paths, kennysheep_mini, serial_bayou_lake_a
D:6:      grunt_qazlal_clouds, vehumet_altar_wand_db
D:7:      evilmike_ruin_ashenzari, serial_shops,
          nicolae_shop_overgrown_old_shop, lightli_orcish_oven,
          uniq_crazy_yiuf_cottage
D:8:      chequers_temple_overflow_minitemple
D:9:      david_orc_1_choice
D:10:     david_lair_shrubbed, serial_shops, shop_fountains, enter_trove_6,
          the_bakery, uniq_fannar
D:11:     small_statue_alley_a, uniq_harold
D:12:     lemuel_old_faithful
D:13:     hangedman_vaults_entry_quadrant_bands, serial_shops, shop,
          grunt_gozag_breadcrumbs
D:14:     serial_park_tiny_1, serial_shops, nicolae_shop_crystal,
          stair_cage_line, onia_ninara_cookie
D:15:     grunt_enter_depths_magical_seal, serial_shops, shop_fountains,
          minmay_strange_pillars
Temple:   minmay_temple_bridge_abc
Lair:1:   wad_woods_minihive, grunt_megastairs_5
Lair:2:   minmay_guarded_unrand_snakebite, minmay_swamp_entry_worms,
          grunt_megastairs_3
Lair:3:   serial_bayou_pond_c, tgw_fedhas
Lair:4:   guppyfry_snake_entry_garden
Lair:5:   minmay_slime_entry_oklob_enclosed
Lair:6:   due_jungle_book, special_room
Swamp:1:  nicolae_swamp_feature_on_the_river_bank, swamp_pool2, uniq_frances,
          uniq_kirke
Swamp:2:  nicolae_swamp_godswood, swamp_pool2, nicolae_swamp_trees_clearing,
          hangedman_swamp_dais, uniq_donald
Swamp:3:  evilmike_swamp_ruin_house_4, swamp_pool1
Swamp:4:  swamp_vile, uniq_mara

Skill      XL: |  1  2  3  4  5  6  7  8  9 10 11 12 13 14 15 16 17 |
---------------+----------------------------------------------------+-----
Slings         | 6 7 8 9 10 12 14 16 17 18 19 20 | 20.0
Fighting       | 2 3 4 5 6 7 8 9 10 11 12 | 12.8
Armour         | 1 2 3 4 5 |  5.5
Dodging        | 3 4 5 6 7 9 10 11 12 13 14 | 14.6
Evocations     | 2 4 6 7 8 9 10 11 12 | 12.6
Invocations    | 6 8 |  8.5
Shields        | 2 6 8 9 10 | 10.7
Stealth        | |  1.1

Action                   |  1- 3 |  4- 6 |  7- 9 | 10-12 | 13-15 | 16-18 || total
-------------------------+-------+-------+-------+-------+-------+-------++-------
Melee: Short sword       |     2 |       |    19 |       |       |       ||    21
       Whip              |       |       |       |       |    49 |   149 ||   198
       Hunting sling     |       |       |       |       |       |     5 ||     5
 Fire: Hunting sling     |   109 |   208 |   371 |   717 |  1150 |  1344 ||  3899
       Fustibalus        |       |       |       |       |    26 |       ||    26
Throw: Stone             |       |       |     3 |       |     1 |    23 ||    27
Invok: Heroism           |       |       |     4 |    18 |    22 |     3 ||    47
       Finesse           |       |       |       |     1 |     8 |     2 ||    11
 Abil: Evoke Blink       |       |       |       |       |       |     1 ||     1
Evoke: Wand              |       |       |       |     1 |     5 |     3 ||     9
  Use: Scroll            |       |     3 |    11 |    12 |    17 |     9 ||    52
       Potion            |       |     1 |       |       |       |       ||     1
  Eat: Chunk             |       |     5 |    11 |    12 |     7 |    15 ||    50
       Royal jelly       |       |     1 |       |     2 |     2 |       ||     5
       Fruit             |       |       |       |     3 |       |     8 ||    11
       Meat ration       |       |       |       |       |     3 |       ||     3
Armor: Leather armour    |     8 |     3 |       |       |       |       ||    11
       Ring mail         |       |     7 |    28 |    94 |    68 |   139 ||   336
       Skin              |       |     2 |       |       |       |       ||     2
Dodge: Dodged            |    23 |    51 |    91 |   406 |   229 |   458 ||  1258
Block: Shield            |       |       |       |       |   122 |   393 ||   515
       Reflection        |       |       |       |       |     7 |     3 ||    10

Vault maps used:
D:1:      minmay_arrival_four_houses
D:3:      first_bread
D:4:      minmay_temple_entry_nine_rooms, minmay_misc_feat_chi,
          grunt_decor_mini_mirrors
D:5:      marbit_many_paths, kennysheep_mini, serial_bayou_lake_a
D:6:      grunt_qazlal_clouds, vehumet_altar_wand_db
D:7:      evilmike_ruin_ashenzari, serial_shops,
          nicolae_shop_overgrown_old_shop, lightli_orcish_oven,
          uniq_crazy_yiuf_cottage
D:8:      chequers_temple_overflow_minitemple
D:9:      david_orc_1_choice
D:10:     david_lair_shrubbed, serial_shops, shop_fountains, enter_trove_6,
          the_bakery, uniq_fannar
D:11:     small_statue_alley_a, uniq_harold
D:12:     lemuel_old_faithful
D:13:     hangedman_vaults_entry_quadrant_bands, serial_shops, shop,
          grunt_gozag_breadcrumbs
D:14:     serial_park_tiny_1, serial_shops, nicolae_shop_crystal,
          stair_cage_line, onia_ninara_cookie
D:15:     grunt_enter_depths_magical_seal, serial_shops, shop_fountains,
          minmay_strange_pillars
Temple:   minmay_temple_bridge_abc
Lair:1:   wad_woods_minihive, grunt_megastairs_5
Lair:2:   minmay_guarded_unrand_snakebite, minmay_swamp_entry_worms,
          grunt_megastairs_3
Lair:3:   serial_bayou_pond_c, tgw_fedhas
Lair:4:   guppyfry_snake_entry_garden
Lair:5:   minmay_slime_entry_oklob_enclosed
Lair:6:   due_jungle_book, special_room
Swamp:1:  nicolae_swamp_feature_on_the_river_bank, swamp_pool2, uniq_frances,
          uniq_kirke
Swamp:2:  nicolae_swamp_godswood, swamp_pool2, nicolae_swamp_trees_clearing,
          hangedman_swamp_dais, uniq_donald
Swamp:3:  evilmike_swamp_ruin_house_4, swamp_pool1
Swamp:4:  swamp_vile, uniq_mara

Table legend:
 A = Turns spent in this place as a percentage of turns spent in the entire game.
 B = Non-inter-level travel turns spent in this place as a percentage of non-inter-level travel turns spent in the entire game.
 C = Inter-level travel turns spent in this place as a percentage of turns spent in this place.
 D = Turns resting spent in this place as a percentage of non-inter-level travel turns spent in this place.
 E = Turns spent auto-exploring this place as a percentage of non-inter-level travel turns spent in this place.
 F = Non-inter-level travel turns spent in this place divided by the number of levels of this place that you've seen.
                   A       B       C       D       E      F
               +-------+-------+-------+-------+-------+----------------------
         Total | 100.0 | 100.0 |   1.1 |   2.6 |  11.6 | 287.3
       Dungeon |  50.9 |  51.1 |   0.7 |   2.0 |  14.7 | 254.3
        Temple |   0.1 |   0.1 |  22.2 |   0.0 |  28.6 |   7.0
          Lair |  25.5 |  25.1 |   2.6 |   2.8 |   9.6 | 312.3
         Swamp |  23.5 |  23.8 |   0.2 |   3.6 |   7.2 | 443.5
               +-------+-------+-------+-------+-------+----------------------

Table legend:
 A = Kills in this place as a percentage of kills in entire the game.
 B = Kills by you in this place as a percentage of kills by you in the entire game.
 C = Kills by friends in this place as a percentage of kills by friends in the entire game.
 D = Other kills in this place as a percentage of other kills in the entire game.
 E = Experience gained in this place as a percentage of experience gained in the entire game.
 F = Experience gained in this place divided by the number of levels of this place that you have seen.
                   A       B       C       D       E      F
               +-------+-------+-------+-------+-------+----------------------
         Total | 100.0 | 100.0 | 100.0 | 100.0 | 100.0 | 7293.6
       Dungeon |  54.2 |  54.2 |   0.0 |  66.7 |  36.1 | 4561.2
          Lair |  26.9 |  26.8 | 100.0 |  33.3 |  31.9 | 10066.7
         Swamp |  19.0 |  19.1 |   0.0 |   0.0 |  32.1 | 15204.0
               +-------+-------+-------+-------+-------+----------------------
